 Dungeon Crawl Stone Soup version 0.30-a0-777-ga9a30cbeda (webtiles) character file.

Game seed: 8063013740724960998

60823 Crownlay the Geomancer (level 15, -1/138 HPs)
             Began as a Gargoyle Earth Elementalist on Feb 13, 2023.
             Was an Initiate of Gozag.
             Slain by an ogre
             ... wielding a +0 giant club
              (13 damage)
             ... on level 1 of the Orcish Mines.
             The game lasted 01:00:04 (26230 turns).

Crownlay the Geomancer (GrEE)                      Turns: 26230, Time: 01:00:04

Health: -1/138     AC: 27    Str: 13    XL:     15   Next: 0%
Magic:  29/31      EV:  2    Int: 22    God:    Gozag
Gold:   1767       SH:  0    Dex: 10    Spells: 28/38 levels left

rFire   + . .      SeeInvis +    c - +0 dagger (venom)
rCold   + . .      Faith    .    (no shield)
rNeg    + . .      Spirit   .    (body armour currently unavailable)
rPois   ∞          Reflect  .    (helmet currently unavailable)
rElec   +          Harm     .    (cloak currently unavailable)
rCorr   +          Rampage  .    (gloves currently unavailable)
Will    +....      NoTele   +    (boots currently unavailable)
Stlth   ++                       r - amulet of the acrobat
HPRegen 0.43/turn                e - ring of see invisible
MPRegen 0.22/turn                j - ring of wizardry

@: mighty, tree-form, resistant
A: stationary, stasis, torment immunity, boosted hp, sickness immunity, AC +11,
(big wings), negative energy resistance 1, (electricity resistance), torment
resistance 1, petrification resistance, (large bone plates 1)
a: End Transformation, Renounce Religion, Potion Petition, Call Merchant, Bribe
Branch


You were on level 1 of the Orcish Mines.
You worshipped Gozag.
Gozag was most pleased with you.
You were a tree.
You visited 3 branches of the dungeon, and saw 18 of its levels.
You also visited: Ossuary.

You collected 4896 gold pieces.
You paid 3129 gold pieces to Gozag.

Inventory:

Hand Weapons
 c - a +0 dagger of venom (weapon)
Missiles
 J - 4 throwing nets
Armour
 f - a +0 helmet (melded)
 B - a +1 leather armour of fire resistance
 F - a +1 pair of boots (melded)
 P - a +0 robe of willpower (melded)
Jewellery
 a - a ring of protection from fire
 e - a ring of see invisible (left branch)
 g - a +5 ring of evasion
 j - a ring of wizardry (right branch)
 n - a ring of willpower
 r - an amulet of the acrobat (around neck)
 E - a +5 ring of evasion
 N - an amulet of regeneration
Wands
 u - a wand of acid (1)
 y - a wand of charming (30)
 A - a wand of mindburst (3)
 D - a wand of iceblast (7)
 M - a wand of polymorph (13)
 Q - a wand of flame (8)
Scrolls
 b - a scroll of enchant armour {unknown}
 d - 4 scrolls of magic mapping
 h - 5 scrolls of noise
 k - 4 scrolls of fog
 o - 2 scrolls of silence
 s - 6 scrolls of teleportation
 t - 2 scrolls of vulnerability
 x - 4 scrolls of immolation
 z - a scroll of blinking
 H - a scroll of acquirement {unknown}
 I - a scroll of poison {unknown}
 O - a scroll of butterflies {unknown}
 S - a scroll of amnesia {unknown}
 U - a scroll of fear {unknown}
Potions
 i - 4 potions of mutation
 l - 2 potions of ambrosia {unknown}
 m - 5 potions of berserk rage
 p - 8 potions of curing
 q - a potion of flight {unknown}
 v - 4 potions of heal wounds
 w - 6 potions of might
 C - 3 potions of lignification {unknown}
 G - a potion of haste {unknown}
 K - 2 potions of resistance
 L - 2 potions of brilliance {unknown}
 R - a potion of attraction {unknown}
 T - a potion of cancellation {unknown}


   Skills:
 + Level 10.0 Fighting
 - Level 1.5 Dodging
 - Level 2.1 Stealth
 + Level 5.6 Shields
 + Level 12.4 Spellcasting
 - Level 12.0 Conjurations
 + Level 6.9 Summonings
 - Level 6.0 Necromancy
 - Level 0.7 Transmutations
 + Level 8.8 Fire Magic
 + Level 12.7 Earth Magic


You had 28 spell levels left.
You knew the following spells:

 Your Spells              Type           Power      Damage    Failure   Level
a - Sandblast             Erth           100%       2d20      1%          1
b - Stone Arrow           Conj/Erth      100%       3d13      1%          3
c - Starburst             Conj/Fire      28%        6d9       4%          6

Your spell library contained the following spells:

 Spells                   Type           Power      Damage    Failure   Level
 Kiss of Death            Conj/Necr      100%       2d13      1%          1
 Magic Dart               Conj           100%       1d8       1%          1
 Shock                    Conj/Air       100%       1d9       1%          1
 Passwall                 Tmut/Erth      35%        N/A       1%          2
 Searing Ray              Conj           100%       2d8       1%          2
 Dazzling Flash           Conj/Hex       80%        N/A       1%          3
 Dispel Undead            Necr           40%        3d16      1%          4
 Fulminant Prism          Conj/Hex       20%        3d12      1%          4
 Iskenderun's Mystic Bla  Conj/Tloc      40%        2d9       1%          4
 Petrify                  Tmut/Erth      43%        N/A       1%          4
 Summon Ice Beast         Ice/Summ       28%        N/A       4%          4
 Summon Lightning Spire   Summ/Air       28%        N/A       4%          4
 Confusing Touch          Hex            13%        N/A       6%          3
 Frozen Ramparts          Ice            26%        1d4       6%          3
 Swiftness                Air            13%        N/A       6%          3
 Summon Forest            Summ/Tloc      14%        N/A       13%         5
 Ice Form                 Ice/Tmut       15%        N/A       16%         4
 Airstrike                Air            6%         2d(1-17)  19%         4
 Summon Hydra             Summ           22%        N/A       65%         7
 Eringya's Noxious Bog    Tmut/Pois      7%         N/A       91%         6
 Storm Form               Tmut/Air       7%         N/A       100%        7
 Maxwell's Capacitive Co  Air            6%         ∞         100%        8


Dungeon Overview and Level Annotations

Branches:
Dungeon (11/15)            Temple (0/1) D:7            Lair (5/5) D:10
 Shoals (0/4) Lair:3        Snake (0/4) Lair:2        Slime (0/5) Lair:5
    Orc (2/2) D:11        Ossuary (visited)
    Elf: Orc:2

Altars:
Gozag
Kikubaaqudgha
Makhleb
Nemelex Xobeh
Okawaru
Ru
Trog
Wu Jian
Jiyva

Annotations:
D:6 1 runed translucent door, HammerPanzer's ghost, novice MiBe
D:7 2 transporters


Innate Abilities, Weirdness & Mutations

You are a tree.
Your roots penetrate the ground, keeping you stationary.
You cannot be teleported.
You are immune to unholy pain and torment.
Your maximum health is greatly increased.
Your equipment is partially melded.
You are immune to sickness and miasma.
((Your stone body is resilient. (AC +11)))
You are immune to poison.
((Your large and strong wings let you fly.))
You resist negative energy. (rN+)
((You are resistant to electric shocks. (rElec)))
You are resistant to unholy torment.
You are immune to petrification.
((You are partially covered in large bone plates. (SH +4)))


Message History

Okay, then. [a] - 693 gold - lignification, might, resistance, heal wounds, curing and magic [b] - 319 gold - curing and magic [c] - 560 gold - haste and resistance Purchase which effect?
You turn into a tree.
Your +0 helmet melds into your body.
Your +1 pair of boots melds into your body.
Your +0 robe of willpower melds into your body.
You feel less strong-willed.
Your roots penetrate the ground.
You feel very mighty all of a sudden.
You feel protected.
You feel much better.
You feel better. Magic courses through your body.
The ogre hits you with a +0 giant spiked club!
The ogre hits you with a +0 giant club. x2
Casting: Sandblast (safe; 1% risk of failure)
Confirm with . or Enter, or press ? or * to list all spells.
Aiming: Sandblast (safe; 1% risk of failure)
Press: ? - help, Shift-Dir - straight line, f - ogre
Aim: an ogre, wielding a +0 giant spiked club (93% to hit)
The blast of sand hits the ogre!
The ogre is moderately wounded.
The ogre hits you with a +0 giant club!
* * * LOW HITPOINT WARNING * * *
The ogre hits you with a +0 giant club!
* * * LOW HITPOINT WARNING * * *
The ogre hits you with a +0 giant spiked club.
* * * LOW HITPOINT WARNING * * *
You feel much better.
Okay, then.
Casting: Sandblast (safe; 1% risk of failure)
Confirm with . or Enter, or press ? or * to list all spells.
Aiming: Sandblast (safe; 1% risk of failure)
Press: ? - help, Shift-Dir - straight line, f/p - ogre
Aim: an ogre, wielding a +0 giant spiked club (moderately wounded, 93% to hit)
The blast of sand hits the ogre!
The ogre is almost dead.
The ogre hits you with a +0 giant club!!
* * * LOW HITPOINT WARNING * * *
The ogre hits you but does no damage. The ogre hits you with a +0 giant club!
You die...
Your body crumbles into a pile of gold.

###......).).......#
###.......#...))....##
##.#.........)........#
#..........).).......##
#.........####.####.##
###...###...##.....##.#
###.#...# #O..#.......#.#
#.......###O..#.......#.#
##..<...##♣OO....._.....#
###.....##O..#.......#.##
##....#..#.#.......#..##
#.#....##.##.....##...#
####...##.####.####...#
#...#.#...........^.#
#...............#...#
#..................##
##.................#


You could see 5 ogres.

Vanquished Creatures
  Gastronok (D:10)
  The ghost of MCDelver the Zephyrmancer, a journeyman OpFE of Gozag (Lair:5)
  Nessos (Lair:4)
  5 hydras
  A catoblepas (Lair:5)
  A centaur warrior (D:11)
  18 death yaks
  3 two-headed ogres
  A boulder beetle (Lair:5)
  Urug (D:10)
  Amaemon (Lair:2)
  2 skysharks (Lair:5)
  Pikel (D:4)
  An orc knight (Orc:1)
  An oklob plant (Lair:5)
  A cyclops (D:10)
  2 manticores
  4 black mambas
  5 elephants (Lair:4)
  A gargoyle (D:11)
  Maggie (D:10)
  Joseph (D:10)
  2 torpor snails
  An orange demon (Lair:2)
  2 kobold demonologists (D:11)
  10 cane toads
  An unseen horror (D:11)
  3 rime drakes
  7 komodo dragons
  2 trolls
  A wind drake (Lair:3)
  Prince Ribbit (D:7)
  14 polar bears
  A hornet (D:8)
  2 raiju (Lair:5)
  11 blink frogs
  Sigmund (D:2)
  A shadow (D:9)
  A vampire (D:9)
  31 yaks
  5 wyverns
  A steam dragon (D:7)
  Menkaure (D:5)
  3 basilisks
  4 wargs (Lair:5)
  19 water moccasins
  Edmund (D:4)
  2 acid dragons
  15 hell hounds (Lair:5)
  Duvessa (D:5)
  10 orc warriors
  An ice beast (D:8)
  13 black bears
  4 boggarts (Lair:3)
  29 wolves
  5 ogres
  5 centaurs
  3 lemures (D:4)
  An elf zombie (D:4)
  5 kobold brigands
  A gnoll sergeant (D:6)
  11 bullfrogs
  A scorpion (D:5)
  Dowan (D:5)
  4 killer bees (D:11)
  2 howler monkeys (D:10)
  4 electric eels
  2 human zombies (D:4)
  4 hounds
  6 jellies
  14 orc priests
  3 gnoll boudas
  An iguana (D:4)
  Terence (D:2)
  A human skeleton (D:4)
  Ijyb (D:4)
  12 orc wizards
  A mummy (Ossuary)
  15 gnolls
  8 adders
  A white imp (D:6)
  An ufetubus (D:5)
  A worm (D:4)
  A dart slug (D:2)
  36 orcs
  2 spectral bats (Ossuary)
  4 bats
  7 endoplasms
  2 giant cockroaches
  12 gnoll zombies (Ossuary)
  5 goblins
  5 hobgoblins
  2 jackals (D:4)
  2 quokkas
  7 ball pythons
  3 bat simulacra (Ossuary)
  5 frilled lizards
  2 goblin simulacra (Ossuary)
  5 goblin zombies (Ossuary)
  7 hobgoblin zombies (Ossuary)
  18 kobolds
  6 kobold simulacra (Ossuary)
  2 kobold zombies (Ossuary)
  2 orc skeletons (D:4)
  4 orc zombies (Ossuary)
  5 rats
  2 rat simulacra (Ossuary)
  4 spectral goblins (Ossuary)
  4 spectral rats (Ossuary)
524 creatures vanquished.

Vanquished Creatures (others)
  A white imp (D:7)
  2 bushes
  47 fungi
  82 plants
132 creatures vanquished.

Grand Total: 656 creatures vanquished

Notes
Turn   | Place    | Note
-------+----------+-------------------------------------------
     0 | D:1      | Crownlay the Gargoyle Earth Elementalist began the quest
                  | for the Orb.
     0 | D:1      | Reached XP level 1. HP: 10/10 MP: 3/3
   331 | D:1      | Reached XP level 2. HP: 15/15 MP: 3/5
  1089 | D:2      | Reached XP level 3. HP: 19/19 MP: 3/7
  1093 | D:2      | Learned a level 3 spell: Stone Arrow
  1279 | D:2      | Noticed Sigmund
  1325 | D:2      | Killed Sigmund
  1326 | D:2      | Reached skill level 5 in Earth Magic
  1326 | D:2      | Reached XP level 4. HP: 16/24 MP: 3/10
  1326 | D:2      | Reached XP level 5. HP: 18/28 MP: 3/11
  1380 | D:2      | Reached XP level 6. HP: 32/32 MP: 7/13
  1426 | D:2      | Noticed Terence
  1430 | D:2      | Killed Terence
  2336 | D:3      | Found an ancient bone altar of Kikubaaqudgha.
  2903 | D:4      | Noticed Pikel
  2929 | D:4      | Reached skill level 5 in Spellcasting
  3073 | D:4      | Found a sand-covered staircase.
  3083 | D:4      | Reached skill level 1 in Conjurations
  3193 | Ossuary  | Entered an ossuary
  3426 | Ossuary  | Reached XP level 7. HP: 36/36 MP: 4/15
  4243 | D:4      | Killed Pikel
  4244 | D:4      | Reached XP level 8. HP: 32/41 MP: 0/18
  4714 | D:4      | Noticed Edmund
  4719 | D:4      | Killed Edmund
  4849 | D:4      | Noticed Ijyb
  4856 | D:4      | Killed Ijyb
  4971 | D:4      | Found an opulent altar of Gozag.
  4987 | D:4      | Became a worshipper of Gozag Ym Sagoz the Greedy
  5084 | D:5      | Entered Level 5 of the Dungeon
  5094 | D:5      | Noticed Dowan
  5101 | D:5      | Noticed Duvessa
  5113 | D:5      | Killed Dowan
  5121 | D:5      | Killed Duvessa
  5122 | D:5      | Reached skill level 1 in Fighting
  5251 | D:5      | Noticed Menkaure
  5254 | D:5      | Killed Menkaure
  5255 | D:5      | Reached skill level 1 in Summonings
  5255 | D:5      | Reached XP level 9. HP: 41/47 MP: 17/20
  5420 | D:5      | Found an iron altar of Okawaru.
  5428 | D:5      | Found a sacrificial altar of Ru.
  5428 | D:5      | Found a sparkling altar of Nemelex Xobeh.
  5600 | D:6      | Found a runed translucent door.
  5604 | D:6      | Noticed HammerPanzer's ghost (novice MiBe)
  5990 | D:6      | Reached skill level 5 in Conjurations
  6544 | D:7      | Found a transporter.
  6561 | D:7      | Found a transporter.
  6742 | D:7      | Noticed Prince Ribbit
  6755 | D:7      | Killed Prince Ribbit
  7034 | D:7      | Found a staircase to the Ecumenical Temple.
  7627 | D:8      | Noticed a hornet
  7632 | D:8      | Killed a hornet
  7633 | D:8      | Reached XP level 10. HP: 56/56 MP: 13/22
  8575 | D:9      | Found an ornate altar of the Wu Jian Council.
  9706 | D:10     | Entered Level 10 of the Dungeon
  9739 | D:10     | Noticed Gastronok
  9760 | D:10     | Noticed Urug
  9763 | D:10     | Killed Gastronok
  9764 | D:10     | Reached skill level 5 in Fighting
  9971 | D:10     | Killed Urug
  9972 | D:10     | Reached skill level 10 in Spellcasting
  9984 | D:10     | Noticed Joseph
 10042 | D:10     | Reached XP level 11. HP: 48/64 MP: 15/25
 10167 | D:10     | Killed Joseph
 10419 | D:10     | Noticed a death yak
 10438 | D:10     | Noticed Maggie
 10452 | D:10     | Killed Maggie
 10551 | D:10     | Identified the +1 scale mail of the Black Moon {Int+4}
 10663 | D:10     | Found a bloodstained altar of Trog.
 10665 | D:10     | Noticed a cyclops
 10669 | D:10     | Killed a cyclops
 10744 | D:10     | Noticed a two-headed ogre
 10751 | D:10     | Killed a two-headed ogre
 10752 | D:10     | Reached skill level 10 in Earth Magic
 10800 | D:10     | Noticed a death yak
 10806 | D:10     | Noticed a death yak
 10824 | D:10     | Killed a death yak
 10825 | D:10     | Reached skill level 5 in Summonings
 10977 | D:10     | Found a staircase to the Lair.
 11030 | D:10     | Found a burning altar of Makhleb.
 11135 | D:10     | Killed a death yak
 11287 | D:10     | Killed a death yak
 12494 | D:11     | Noticed a manticore
 12501 | D:11     | Killed a manticore
 12502 | D:11     | Reached XP level 12. HP: 70/70 MP: 14/27
 12778 | D:11     | Found a staircase to the Orcish Mines.
 12929 | D:11     | Noticed a two-headed ogre
 12936 | D:11     | Killed a two-headed ogre
 13185 | D:11     | Noticed a centaur warrior
 13192 | D:11     | Killed a centaur warrior
 13406 | D:11     | Noticed a two-headed ogre
 13415 | D:11     | Killed a two-headed ogre
 13698 | Lair:1   | Entered Level 1 of the Lair of Beasts
 13957 | Lair:1   | Reached skill level 10 in Conjurations
 15045 | Lair:2   | Found a staircase to the Snake Pit.
 15302 | Lair:2   | Noticed Amaemon
 15309 | Lair:2   | Noticed a six-headed hydra
 15310 | Lair:2   | Killed Amaemon
 15313 | Lair:2   | Reached skill level 1 in Shields
 15313 | Lair:2   | Reached skill level 1 in Necromancy
 15313 | Lair:2   | Reached skill level 1 in Fire Magic
 15318 | Lair:2   | Killed a six-headed hydra
 15319 | Lair:2   | Reached XP level 13. HP: 5/75 MP: 13/29
 16233 | Lair:3   | You fall into a shaft and drop 1 floor!
 16571 | Lair:4   | Noticed Nessos
 17601 | Lair:3   | Found a staircase to the Shoals.
 17970 | Lair:3   | HP: 1/78 [cloud of flame (32)]
 18456 | Lair:3   | Reached skill level 5 in Fire Magic
 18465 | Lair:3   | Gained mutation: You are partially covered in iridescent
                  | scales. (AC +2) [potion of mutation]
 18465 | Lair:3   | Gained mutation: You occasionally lose the ability to drink
                  | potions when taking damage. [potion of mutation]
 18624 | Lair:2   | Lost mutation: You occasionally lose the ability to drink
                  | potions when taking damage. [potion of mutation]
 18624 | Lair:2   | Lost mutation: You are partially covered in iridescent
                  | scales. (AC +2) [potion of mutation]
 18624 | Lair:2   | Gained mutation: You are partially covered in large bone
                  | plates. (SH +4) [potion of mutation]
 20495 | Lair:4   | Reached skill level 5 in Necromancy
 20495 | Lair:4   | Gained mutation: Your large and strong wings let you fly.
                  | [Gargoyle growth]
 20495 | Lair:4   | Reached XP level 14. HP: 86/86 MP: 18/30
 21257 | Lair:4   | Killed Nessos
 21449 | Lair:5   | Entered Level 5 of the Lair of Beasts
 22119 | Lair:5   | Reached skill level 10 in Fighting
 22222 | Lair:5   | Found a runed translucent door.
 22222 | Lair:5   | Noticed MCDelver's ghost (journeyman OpFE)
 23179 | Lair:5   | Found a viscous altar of Jiyva.
 23185 | Lair:5   | Found a staircase to the Slime Pits.
 24373 | Lair:5   | Reached skill level 5 in Shields
 25477 | Lair:5   | Killed MCDelver's ghost
 25894 | Orc:1    | Entered Level 1 of the Orcish Mines
 26005 | Orc:1    | Reached XP level 15. HP: 92/92 MP: 15/31
 26173 | Orc:1    | Learned a level 6 spell: Starburst
 26174 | Orc:2    | Entered Level 2 of the Orcish Mines
 26230 | Orc:1    | Slain by an ogre

Illustrated notes

Levels and vault maps discovered:
D:1:      kennysheep_arrival_seaside, layout_basic
D:2:      layout_basic, uniq_terence, uniq_sigmund
D:3:      layout_loops_cross, nicolae_kikubaaqudgha_miasma_corner
D:4:      layout_loops_ring, amcnicky_altar_gilded,
          nicolae_ossuary_entry_catacombs, uniq_pikel, uniq_edmund, uniq_ijyb
D:5:      layout_rooms, gammafunk_temple_overflow_forgotten, uniq_menkaure,
          uniq_duvessa
D:6:      layout_rooms, ebering_ghost_sewer_d, corner_web_ring
D:7:      gammafunk_steamed_eel, layout_loops_ring, lemuel_temple_firewalk_b,
          eino_curves_01, minivault_4, grunt_ogre_cave, uniq_prince_ribbit1
D:8:      layout_basic
D:9:      layout_loops_corners, nicolae_wu_jian_wuxing_cycle
D:10:     layout_rooms, mainiacjoe_overflow_big_doors, dpeg_lair_monsters,
          skrybe_limestone_x, serial_bayou_lake_a, uniq_joseph, uniq_maggie,
          uniq_urug, uniq_gastronok
D:11:     layout_rooms, erik_orc_2, lemuel_nasty_fountain
Lair:1:   hellmonk_destroyed_diamonds, layout_hall_layers,
          dreamdust_mushroom_princess
Lair:2:   layout_cave_pods, minmay_snake_entry_six_corridors,
          minmay_stone_trees_small, uniq_amaemon
Lair:3:   layout_layer_cave, minmay_shoals_entry_beasts,
          kilobyte_rumbling_trees, grunt_megastairs_3
Lair:4:   layout_concentric_octagons, uniq_nessos
Lair:5:   hangedman_lair_caniforms_friends, layout_loops_ring,
          minmay_slime_entry_pillars, hellmonk_ghost_happy_afterlife
Orc:1:    layout_diamond_mine, basic_altar, mines1_david
Orc:2:    st_orc_open, layout_caves, mines2_david

Skill      XL: |  1  2  3  4  5  6  7  8  9 10 11 12 13 14 |
---------------+-------------------------------------------+-----
Earth Magic    | 4 5 7 8 9 11 12 | 12.7
Spellcasting   | 3 4 5 6 7 8 10 11 12 | 12.4
Conjurations   | 1 3 4 5 7 8 12 | 12.0
Fighting       | 1 3 5 6 9 10 | 10.0
Summonings     | 1 3 4 6 |  6.9
Shields        | 1 4 5 |  5.6
Necromancy     | 1 5 6 |  6.0
Fire Magic     | 1 6 8 |  8.8
Dodging        | |  1.5
Stealth        | |  2.1
Transmutations | |  0.7

Action                     |  1- 3 |  4- 6 |  7- 9 | 10-12 | 13-15 || total
---------------------------+-------+-------+-------+-------+-------++-------
  Melee: Dagger            |     5 |       |     2 |     1 |    13 ||    21
   Cast: Sandblast         |    33 |    86 |   194 |   320 |   401 ||  1034
         Stone Arrow       |       |     3 |    13 |    90 |   216 ||   322
 Invoke: Potion Petition   |       |       |       |       |     7 ||     7
  Evoke: Wand              |       |       |     1 |    15 |     5 ||    21
    Use: Scroll            |       |     5 |     1 |     6 |     8 ||    20
         Potion            |       |       |       |       |     5 ||     5
 Armour: Robe              |     1 |    15 |    46 |    98 |   272 ||   432
         Skin              |       |       |       |       |     1 ||     1
  Dodge: Dodged            |     7 |    18 |    60 |   151 |   326 ||   562
  Block: Other             |       |       |       |       |    66 ||    66

Table legend: (Time is in decaauts)
 A = Elapsed time spent in this place.
 B = Non-inter-level travel time spent in this place.
 C = Inter-level travel time spent in this place.
 D = Time resting spent in this place.
 E = Time spent auto-exploring this place.
 F = Levels seen in this place.
 G = Mean time per level.
                   A        B        C        D        E       F      G
               +--------+--------+--------+--------+--------+-----+--------+
         Total |  26809 |  25988 |    821 |   1779 |  19546 |  19 | 1411.0 |
       Dungeon |  13300 |  12932 |    368 |    545 |  10214 |  11 | 1209.1 |
          Lair |  12389 |  11937 |    452 |   1234 |   8515 |   5 | 2477.8 |
  Orcish Mines |    347 |    347 |      0 |      0 |    237 |   2 |  173.5 |
       Ossuary |    772 |    772 |      0 |      0 |    579 |   1 |  772.0 |
               +--------+--------+--------+--------+--------+-----+--------+

Top non-repeatable levels by time:
  Lair:5: 4102 daAuts
  Lair:3: 3106 daAuts
  Lair:4: 2336 daAuts
    D:10: 2203 daAuts
  Lair:2: 2116 daAuts
    D:11: 1793 daAuts
     D:4: 1551 daAuts
     D:9: 1473 daAuts
     D:7: 1195 daAuts
     D:2: 1166 daAuts
     D:1: 1026 daAuts
     D:8: 963 daAuts
 Ossuary: 772 daAuts
     D:6: 756 daAuts
  Lair:1: 727 daAuts
